 Dungeon Crawl Stone Soup version 0.29-a0-11-ga75d3d97ab (webtiles) character file.

Game seed: 1724847305773567406

1656 ravioli the Digger (level 8, 0/58 HPs)
             Began as a Demigod Earth Elementalist on Jan 28, 2022.
             Slain by Harold (29 damage)
             ... on level 6 of the Dungeon.
             The game lasted 00:21:32 (11383 turns).

ravioli the Digger (Demigod Earth Elementalist)    Turns: 11383, Time: 00:21:33

Health: 0/58       AC:  2    Str:  9    XL:     8   Next: 41%
Magic:  5/20       EV: 16    Int: 25    God:
Gold:   282        SH:  0    Dex: 14    Spells: 15/19 levels left

rFire   . . .      SeeInvis .   (no weapon)
rCold   . . .      Faith    .   (no shield)
rNeg    . . .      Spirit   .   b - +0 robe
rPois   .          Reflect  .   (no helmet)
rElec   .          Harm     .   (no cloak)
rCorr   .          Rampage  .   (no gloves)
Will    .....                   (no boots)
Stlth   ++........              (no amulet)
HPRegen 0.19/turn               c - +4 ring of evasion
MPRegen 0.17/turn               (no ring)

@: marked, studying Unarmed Combat
A: high mp 1, forlorn, divine attributes
a: no special abilities


You were on level 6 of the Dungeon.
You visited 1 branch of the dungeon, and saw 7 of its levels.

You collected 282 gold pieces.

Inventory:

Missiles
 i - 114 stones
Armour
 b - a +0 robe (worn)
 k - an orb of energy
Jewellery
 c - a +4 ring of evasion (left hand)
 o - a ring of positive energy
Wands
 p - a wand of polymorph (6)
Scrolls
 a - 3 scrolls of enchant armour
 g - a scroll of fear {unknown}
 j - 2 scrolls of immolation
 n - 3 scrolls of vulnerability
 s - a scroll of fog {unknown}
 t - a scroll of blinking {unknown}
Potions
 d - 2 potions of cancellation
 e - 3 potions of mutation
 f - 3 potions of heal wounds
 l - a potion of brilliance
 m - a potion of might
 q - a potion of degeneration {unknown}
 r - a potion of resistance {unknown}


   Skills:
 + Level 0.4 Fighting
 + Level 2.3 Dodging
 + Level 3.5 Stealth
 + Level 0.9 Unarmed Combat
 + Level 6.0 Spellcasting
 + Level 3.8 Conjurations
 + Level 0.8 Transmutations
 + Level 6.3 Earth Magic


You had 15 spell levels left.
You knew the following spells:

 Your Spells              Type           Power      Damage    Failure   Level
a - Sandblast             Erth           78%        2d17      1%          1
b - Stone Arrow           Conj/Erth      66%        3d11      2%          3

Your spell library contained the following spells:

 Spells                   Type           Power      Damage    Failure   Level
 Passwall                 Tmut/Erth      20%        N/A       2%          2
 Beastly Appendage        Tmut           22%        N/A       5%          1
 Wereblood                Tmut           11%        N/A       8%          2
 Dazzling Flash           Conj/Hex       34%        N/A       10%         3
 Corpse Rot               Necr/Air       14%        N/A       11%         2
 Petrify                  Tmut/Erth      25%        N/A       17%         4
 Spider Form              Tmut/Pois      9%         N/A       19%         3
 Tukima's Dance           Hex            7%         N/A       22%         3
 Iskenderun's Mystic Bla  Conj/Tloc      17%        2d5       32%         4
 Dispel Undead            Necr           7%         3d8       58%         4
 Passage of Golubria      Tloc           7%         N/A       58%         4
 Yara's Violent Unravell  Hex/Tmut       4%         3d4       86%         5
 Starburst                Conj/Fire      8%         6d4       99%         6
 Death Channel            Necr           3%         N/A       100%        6


Dungeon Overview and Level Annotations

Branches:
Dungeon (7/15)             Temple (0/1) D:5

Shops:
D:4 (

Annotations:
D:5 Menkaure
D:6 Harold


Innate Abilities, Weirdness & Mutations

You have an increased reservoir of magic. (+10% MP)
You shall have no god before yourself.
Your divine heritage dramatically boosts your attributes as you level up.


Message History

Your surroundings suddenly seem different.
Unknown command.
As you read the scroll of teleportation, it crumbles to dust.
You feel strangely unstable.
You start resting.
Your surroundings suddenly seem different.
You start resting.
Harold is nearby!
Aiming: Stone Arrow (dangerous; 2% risk of failure)
Press: ? - help, Q - select action, (/) - cycle Shift-Dir - straight line, f - Harold
Aim: Harold, wielding a +0 long sword, wearing a +0 ring mail and quivering 3 throwing nets (strong, 84% to hit)
The stone arrow hits Harold.
Harold is lightly wounded.
Harold fires a harpoon shot at you. The harpoon shot hits you!!
You are yanked forward by the harpoon shot.
You violently stop moving!
Aiming: Stone Arrow (dangerous; 2% risk of failure)
Press: ? - help, Q - select action, (/) - cycle Shift-Dir - straight line, f/p - Harold
Aim: Harold, wielding a +0 long sword, wearing a +0 ring mail and quivering 3 throwing nets (lightly wounded, strong, 84% to hit)
The stone arrow hits Harold!!
Harold is heavily wounded.
Aiming: Stone Arrow (dangerous; 2% risk of failure)
Press: ? - help, Q - select action, (/) - cycle Shift-Dir - straight line, f/p - Harold
Aim: Harold, wielding a +0 long sword, wearing a +0 ring mail and quivering 3 throwing nets (heavily wounded, strong, 84% to hit)
The stone arrow hits Harold!
Harold is severely wounded.
Aiming: Stone Arrow (dangerous; 2% risk of failure)
Press: ? - help, Q - select action, (/) - cycle Shift-Dir - straight line, f/p - Harold
Aim: Harold, wielding a +0 long sword, wearing a +0 ring mail and quivering 3 throwing nets (severely wounded, strong, 84% to hit)
The stone arrow hits Harold.
Harold is severely wounded.
Aiming: Stone Arrow (dangerous; 2% risk of failure)
Press: ? - help, Q - select action, (/) - cycle Shift-Dir - straight line, f/p - Harold
Aim: Harold, wielding a +0 long sword, wearing a +0 ring mail and quivering 3 throwing nets (severely wounded, strong, 84% to hit)
The stone arrow hits Harold!
Harold is almost dead.
Harold hits you with a +0 long sword!!
Ouch! That really hurt!
You die...

######## ########
#.....)# #......#
#.####.# ###......#
#.####.###
#...####.###.##.....#
#.#....<........#.#.#
#...####.###.####.#.###
....####.###..z@......#
##...........#.≈@_.≈..#
##..####.....#.......[#
.#...........##..#.##.#
.....###.....###...##.#
)...## #.....# #......#
#..########### ##.#####
##.##.......# #.#
#.##.......# #.#
#.##..###..#####.#


You could see Harold (strong) and a wight.

Vanquished Creatures
  A hornet (D:6)
  A steam dragon (D:6)
  Edmund (D:6)
  A black bear (D:6)
  2 ogres
  5 scorpions
  3 wights (D:7)
  2 orc priests
  3 hounds
  Ijyb (D:5)
  A jelly (D:4)
  3 bullfrog skeletons
  2 iguanas
  An orc wizard (D:6)
  4 gnolls (D:6)
  3 adders
  2 ufetubi
  An adder skeleton (D:4)
  A worm (D:2)
  3 dart slugs
  14 orcs
  3 bats
  4 endoplasms
  9 giant cockroaches
  6 goblins
  5 hobgoblins
  4 jackals (D:1)
  4 quokkas
  8 ball pythons
  2 frilled lizards
  7 kobolds
  6 rats
113 creatures vanquished.

Notes
Turn   | Place    | Note
-------+----------+-------------------------------------------
     0 | D:1      | ravioli the Demigod Earth Elementalist began the quest for
                  | the Orb.
     0 | D:1      | Reached XP level 1. HP: 14/14 MP: 5/5
   396 | D:1      | Reached XP level 2. HP: 20/20 MP: 5/7
  1630 | D:1      | Reached XP level 3. HP: 26/26 MP: 7/9
  2037 | D:2      | Learned a level 3 spell: Stone Arrow
  3149 | D:3      | Noticed a scorpion
  4101 | D:3      | Reached XP level 4. HP: 33/33 MP: 7/11
  4589 | D:3      | Reached skill level 1 in Conjurations
  4589 | D:3      | Reached XP level 5. HP: 38/38 MP: 9/13
  7111 | D:4      | Noticed an ogre
  7181 | D:5      | Entered Level 5 of the Dungeon
  7182 | D:5      | Found a staircase to the Ecumenical Temple.
  7201 | D:5      | Noticed Ijyb
  7622 | D:5      | Killed Ijyb
  8064 | D:5      | Reached XP level 6. HP: 45/45 MP: 7/14
  8226 | D:5      | Noticed Menkaure
  9212 | D:4      | Found Bemiylaa's Weapon Emporium.
  9467 | D:6      | Reached skill level 5 in Earth Magic
  9467 | D:6      | Reached XP level 7. HP: 50/50 MP: 9/16
  9955 | D:6      | Noticed Edmund
  9963 | D:6      | Killed Edmund
 10230 | D:6      | Noticed a steam dragon
 10247 | D:6      | Killed a steam dragon
 10253 | D:6      | Reached skill level 5 in Spellcasting
 10338 | D:6      | Reached XP level 8. HP: 47/57 MP: 3/19
 10571 | D:6      | Noticed a hornet
 10579 | D:6      | Killed a hornet
 11177 | D:7      | Noticed Harold
 11383 | D:6      | Slain by Harold

Illustrated notes

Levels and vault maps discovered:
D:1:      eino_arrival_cavern_c, layout_loops_corners, basic_ecumenical_altar,
          minmay_worlds_worst_comb
D:2:      layout_loops_ring, nicolae_concentric_dashed_squares_mild,
          skrybe_limestone_x, grunt_decor_cap
D:3:      minmay_spotlight, layout_rooms, nicolae_overflow_crystal_walls
D:4:      layout_gridville, grunt_temple_overflow_open, serial_shops,
          shop_fountains
D:5:      layout_loops_ring, okawaru_trees_1, marbit_many_paths,
          old_standard_altar, nicolae_ru_sacrificial_ziggurat,
          minmay_temple_entry_tees, uniq_menkaure, uniq_ijyb
D:6:      layout_loops_cross, mainiacjoe_overflow_tiny_flanked,
          lightli_temple_of_fire, kennysheep_generic_room_11, uniq_edmund
D:7:      layout_rooms, hangedman_decor_clover_reticule, uniq_harold,
          uniq_duvessa

Skill      XL: |  1  2  3  4  5  6  7  8 |
---------------+-------------------------+-----
Spellcasting   | 2 3 4 5 6 |  6.0
Earth Magic    | 3 4 5 6 |  6.3
Stealth        | 2 3 |  3.5
Dodging        | 2 |  2.3
Conjurations   | 1 2 3 |  3.8
Fighting       | |  0.4
Unarmed Combat | |  0.9
Transmutations | |  0.8

Action                   |  1- 3 |  4- 6 |  7- 9 || total
-------------------------+-------+-------+-------++-------
Melee: Unarmed           |     5 |     7 |       ||    12
 Cast: Sandblast         |    50 |     8 |    20 ||    78
       Stone Arrow       |    21 |    54 |    36 ||   111
  Use: Scroll            |       |     8 |     3 ||    11
Armor: Robe              |     5 |     2 |     1 ||     8
       Skin              |       |     4 |       ||     4
Dodge: Dodged            |    32 |    18 |    19 ||    69

Table legend: (Time is in decaauts)
 A = Elapsed time spent in this place.
 B = Non-inter-level travel time spent in this place.
 C = Inter-level travel time spent in this place.
 D = Time resting spent in this place.
 E = Time spent auto-exploring this place.
 F = Levels seen in this place.
 G = Mean time per level.
                   A        B        C        D        E       F      G
               +--------+--------+--------+--------+--------+-----+--------+
         Total |  11388 |  10913 |    475 |   6630 |   3018 |   7 | 1626.9 |
       Dungeon |  11388 |  10913 |    475 |   6630 |   3018 |   7 | 1626.9 |
               +--------+--------+--------+--------+--------+-----+--------+

Top non-repeatable levels by time:
     D:2: 2248 daAuts
     D:3: 2228 daAuts
     D:1: 1922 daAuts
     D:4: 1895 daAuts
     D:6: 1855 daAuts
     D:5: 1146 daAuts
     D:7: 92 daAuts
